 Seeded DCSS version 0.27-a0-1434-g6f15984924 (webtiles) character file.

Game seed: 20210703 (custom seed)

2 muata the Sneak (level 1, -2/10 HPs)
             Began as a Spriggan Brigand on July 3, 2021.
             Slain by a kobold (4 damage)
             ... on level 1 of the Dungeon.
             The game lasted 00:01:43 (173 turns).

muata the Sneak (Spriggan Brigand)                   Turns: 173, Time: 00:01:43

Health: -2/10      AC:  3    Str:  7    XL:     1   Next: 25%
Magic:  2/2        EV: 16    Int: 12    God:
Gold:   18         SH:  0    Dex: 16    Spells: 0/0 levels left

rFire    . . .     SeeInvis +   a - +2 dagger
rCold    . . .     Faith    .   (shield restricted)
rNeg     . . .     Spirit   .   b - +0 robe
rPois    .         Reflect  .   (helmet restricted)
rElec    .         Harm     .   c - +0 cloak
rCorr    .         Rampage  .   (gloves unavailable)
Will     .....                  (boots unavailable)
Stlth    +++.......             (no amulet)
HPRegen  0.03/turn              (no ring)
MPRegen  0.08/turn              (no ring)

@: very quick
A: very small, no large weapons, unfitting armour, see invisible, speed 3
a: no special abilities


You were on level 1 of the Dungeon.
You visited 1 branch of the dungeon, and saw 1 of its levels.

You collected 18 gold pieces.

Inventory:

Hand Weapons
 a - a +2 dagger (weapon)
Missiles
 d - 8 poisoned darts (quivered)
 e - 2 curare-tipped darts
Armour
 b - a +0 robe (worn)
 c - a +0 cloak (worn)
Scrolls
 f - 2 scrolls of summoning {unknown}
 g - a scroll of teleportation {unknown}


   Skills:
 - Level 1.5 Fighting
 + Level 2.3 Short Blades
 - Level 2.0 Throwing
 - Level 1.3 Dodging
 + Level 5.9 Stealth


You couldn't memorise any spells.
You didn't know any spells.
Your spell library contained the following spells:

 Spells                   Type           Power      Damage    Failure   Level
 Animate Skeleton         Necr           0%         N/A       32%         1
 Apportation              Tloc           0%         N/A       32%         1
 Corona                   Hex            0%         N/A       32%         1
 Summon Small Mammal      Summ           0%         N/A       32%         1


Dungeon Overview and Level Annotations

Branches:
Dungeon (1/15)

Altars:


Innate Abilities, Weirdness & Mutations

You are very small and have problems with some larger weapons.
You are too small for most types of armour.
You have supernaturally acute eyesight. (SInv)
You cover ground extremely quickly. (Speed+++)


Message History

Welcome, muata the Spriggan Brigand.
Game seed: 20210703 (custom seed); Press ? for a list of commands and other information.
Found three items.
Found a staircase leading out of the dungeon.
f - 2 scrolls labelled JYAMAE ULER
g - a scroll labelled CAUFFU GIRUOMN You now have 18 gold pieces.
You open the gate.
There is an open gate here.
A ball python comes into view.
The ball python hisses angrily.
The ball python completely misses you. The ball python grabs you.
The ball python constricts you.
Found a book of Cantrips.
You hit the ball python.
You kill the ball python!
You pick up a book of Cantrips and begin reading...
You add the spells Corona, Animate Skeleton, Summon Small Mammal and Apportation to your library.
Okay, then.
An endoplasm comes into view.
The helpless endoplasm fails to defend itself.
You impale the endoplasm!!
You kill the endoplasm!
A kobold comes into view.
It is wielding a +1 short sword of flaming.
The kobold shouts!
Found a stone staircase leading down.
The kobold hits you but does no damage.
You barely miss the kobold. The kobold closely misses you.
You hit the kobold but do no damage.
The kobold hits you with a +1 short sword of flaming.
Ouch! That really hurt!
The kobold burns you.
* * * LOW HITPOINT WARNING * * *
You completely miss the kobold. The kobold completely misses you.
You hit the kobold.
The kobold is severely wounded.
The kobold hits you with a +1 short sword of flaming.
You die...

##.#####...#
#.# ##.##
#.#
#.#######
#.#
#........
#.#
#########
#.# #.#
#####.#
#.K@..#
#.##### ....
###... #...#
#..># #...#
#...#


You could see a kobold.

Vanquished Creatures
  An endoplasm (D:1)
  A ball python (D:1)
2 creatures vanquished.

Notes
Turn   | Place    | Note
-------+----------+-------------------------------------------
     0 | D:1      | muata the Spriggan Brigand began the quest for the Orb.
     0 | D:1      | Reached XP level 1. HP: 10/10 MP: 2/2
   173 | D:1      | Slain by a kobold

Illustrated notes

Levels and vault maps discovered:
D:1:      kennysheep_arrival_forest, layout_loops_ring

Action                   || total
-------------------------++-------
Melee: Dagger            ||     6
 Stab: Sleeping          ||     1
Armor: Robe              ||     1
Dodge: Dodged            ||     3

Table legend: (Time is in decaauts)
 A = Elapsed time spent in this place.
 B = Non-inter-level travel time spent in this place.
 C = Inter-level travel time spent in this place.
 D = Time resting spent in this place.
 E = Time spent auto-exploring this place.
 F = Levels seen in this place.
 G = Mean time per level.
                   A        B        C        D        E       F      G
               +--------+--------+--------+--------+--------+-----+--------+
         Total |    108 |    108 |      0 |      0 |      4 |   1 |  108.0 |
       Dungeon |    108 |    108 |      0 |      0 |      4 |   1 |  108.0 |
               +--------+--------+--------+--------+--------+-----+--------+

Top non-repeatable levels by time:
     D:1: 108 daAuts
